 Dungeon Crawl Stone Soup version 0.22-a0-348-gd16d139 (webtiles) character file.

10530 b5mith the Basher (level 11, 0/114 HPs)
             Began as a Gargoyle Fighter on Apr 8, 2018.
             Was a Priest of Trog.
             Killed from afar by Harold (28 damage)
             ... with a bolt of fire
             ... on level 11 of the Dungeon.
             The game lasted 00:29:21 (10254 turns).

b5mith the Basher (Gargoyle Fighter)               Turns: 10254, Time: 00:29:22

Health: 0/114      AC: 22    Str: 28    XL:     11   Next: 63%
Magic:  11/11      EV:  8    Int:  9    God:    Trog [***...]
Gold:   388        SH: 10    Dex: 11    Spells: 10/10 levels left

rFire    . . .     SeeInvis .   u - +1 flail (protect)
rCold    . . .     Gourm    .   c - +0 shield
rNeg     + + .     Faith    .   W - +4 leather armour of Ru's Anger {Dex+2}
rPois    ∞         Spirit   .   (no helmet)
rElec    +         Reflect  .   G - +0 cloak
rCorr    .         Harm     .   h - +2 pair of gloves
MR       .....                  Q - +0 pair of boots
Stlth    ..........             (no amulet)
HPRegen  0.29/turn              m - +2 ring of protection
MPRegen  0.12/turn              O - ring of positive energy

@: berserking, very quick
A: negative energy resistance 1, electricity resistance, unbreathing,
petrification resistance, rot immunity, AC +8
a: Berserk, Trog's Hand, Renounce Religion


You were on level 11 of the Dungeon.
You worshipped Trog.
Trog was most pleased with you.
You were not hungry.

You visited 2 branches of the dungeon, and saw 12 of its levels.

You collected 485 gold pieces.
You spent 97 gold pieces at shops.

Inventory:

Hand Weapons
 a - a +0 rapier
 u - a +1 flail of protection (weapon)
   (You took it off an orc on level 3 of the Dungeon)
Armour
 b - a +0 scale mail
 c - a +0 shield (worn)
 h - a +2 pair of gloves (worn)
   (You found it on level 1 of the Dungeon)
 l - the +0 chain mail of the Sun {Int-5 Dex+4}
   (You found it on level 5 of the Dungeon)

   It affects your intelligence (-5).
   It affects your dexterity (+4).
 p - a +1 scale mail of fire resistance
   (You took it off an orc on level 6 of the Dungeon)
 G - a +0 cloak (worn)
   (You took it off Crazy Yiuf on level 6 of the Dungeon)
 Q - a +0 pair of boots (worn)
   (You found it on level 9 of the Dungeon)
 W - the +4 leather armour of Ru's Anger (worn) {Dex+2}
   (You found it on level 10 of the Dungeon)

   It affects your dexterity (+2).
Jewellery
 m - a +2 ring of protection (left hand)
   (You found it on level 2 of the Dungeon)
 y - an uncursed ring of ice
   (You found it on level 4 of the Dungeon)
 C - an uncursed ring of stealth
   (You found it on level 5 of the Dungeon)
 E - an uncursed ring of fire
   (You found it on level 6 of the Dungeon)
 F - an uncursed ring of stealth
   (You found it on level 6 of the Dungeon)
 H - an uncursed ring of flight
   (You found it on level 7 of the Dungeon)
 O - a ring of positive energy (right hand)
   (You found it on level 9 of the Dungeon)
 V - an uncursed ring of ice
   (You took it off Fannar on level 10 of the Dungeon)
Wands
 q - a wand of iceblast (25)
   (You found it on level 3 of the Dungeon)
 v - a wand of random effects (61)
   (You found it on level 4 of the Dungeon)
 D - a wand of paralysis (17)
   (You found it on level 6 of the Dungeon)
 I - a wand of polymorph (13)
   (You found it on level 9 of the Dungeon)
 S - a wand of acid (9)
   (You found it on level 10 of the Dungeon)
Scrolls
 e - a scroll of noise {unknown}
 i - 9 scrolls of remove curse {@r2}
 j - 3 scrolls of blinking
 n - 5 scrolls of fog
 r - 2 scrolls of enchant weapon
 w - a scroll of magic mapping {unknown}
 x - a scroll of amnesia {unknown}
 A - a scroll of immolation {unknown}
 B - a scroll of fear
 J - a scroll of enchant armour
 M - 2 scrolls of teleportation {unknown}
 P - a scroll of brand weapon {unknown}
 R - a scroll of vulnerability {unknown}
 U - 3 scrolls of identify {@r1}
Potions
 d - 5 potions of might
 g - a potion of lignification
 k - a potion of curing {@q1}
 o - a potion of agility {unknown}
 s - 2 potions of brilliance
 t - 2 potions of invisibility
 z - 3 potions of flight
 K - a potion of heal wounds {unknown}
 L - a potion of mutation {unknown}
 N - a potion of resistance {unknown}
 T - 2 potions of magic {unknown}
Comestibles
 f - 15 rations


   Skills:
 + Level 11.7 Fighting
 - Level 2.4 Short Blades
 - Level 14.0 Maces & Flails
 - Level 3.2 Armour
 - Level 3.2 Shields


You had 10 spell levels left.
You didn't know any spells.

Dungeon Overview and Level Annotations

Branches:
Dungeon (11/15)            Temple (1/1) D:6            Lair (0/6) D:9
    Orc (0/2) D:9

Altars:
Ashenzari
Cheibriados
Dithmenos
Elyvilon
Fedhas
Hepliaklqana
Kikubaaqudgha
Makhleb
Nemelex Xobeh
Okawaru
Qazlal
Ru
Sif Muna
Trog
Uskayaw
Vehumet
Wu Jian
Xom
The Shining One

Shops:
D:8 =*

Annotations:
D:11 Harold


Innate Abilities, Weirdness & Mutations

You are resistant to torment.
Your stone body is resilient. (AC +8)
You are immune to poison.
You resist negative energy. (rN+)
You are resistant to electric shocks. (rElec)
You can survive without breathing.
You are immune to petrification.
You are immune to rotting.


Message History

There is an open door here.
You see here 11 bolts.
You open the door.
There is an open door here.
You see here 24 stones.
There is an open door here.
There is an open door, spattered with blood here.
There is an open door here.
There is a stone staircase leading down here.
There is an open door here.
There is an open door here.
Done exploring.
Done exploring.
(D) Dungeon (T) Temple (L) Lair (O) Orcish Mines
Where to? (Enter - D:10, ? - help)
There is an open door here.
There is an open door here.
There is a stone staircase leading down here.
You climb downwards.
A hound comes into view.
The hound barks!
There is a stone staircase leading up here.
The hound bites you but does no damage.
You thump the hound!
Your weapon exudes an aura of protection.
The hound is heavily wounded.
The hound bites you but does no damage.
You sock the hound!
You kill the hound!
Trog accepts your kill.
You open the door.
There is an open door here.
Harold the Weathered comes into view.
He is wielding a battleaxe.
Harold shouts!
Harold gestures at you while chanting. The bolt of fire hits you!
Found 15 gold pieces.
There is an open door here.
Harold gestures at you while chanting. The bolt of fire misses you.
Harold points at you and mumbles some strange words.
The bolt of fire hits you!
* * * LOW HITPOINT WARNING * * *
There is an open door here.
A red film seems to cover your vision as you go berserk!
You feel yourself moving faster!
You feel mighty!
You feel quite a bit more hungry. Harold casts a spell at you.
The bolt of fire hits you!
You die...

#....#######
........$..
..........
.....@...
#........
#.# #@# #.#
####@###
#......#
#......#
#...<..#
#......#
#......#
#......#
########


You could see Harold.

Vanquished Creatures
  Fannar (D:10)
  A two-headed ogre (D:10)
  Erica (D:9)
  The ghost of NervFog the Zephyrmancer, a novice TeAE of the Shining One (D:8)
  2 trolls (D:9)
  A hornet (D:10)
  Grinder (D:6)
  5 hippogriffs
  A spriggan (D:9)
  10 yaks
  2 hungry ghosts
  Grum (D:8)
  Menkaure (D:6)
  Duvessa (D:7)
  A water moccasin (D:10)
  An orc warrior (D:10)
  4 sky beasts
  A phantom (D:9)
  5 ogres
  2 wolves (D:8)
  A crocodile (D:9)
  3 centaurs
  A big kobold (D:8)
  3 bullfrogs
  Dowan (D:7)
  A wyvern zombie (D:9)
  A wyvern skeleton (D:9)
  A scorpion (D:5)
  8 killer bees (D:8)
  3 howler monkeys
  5 electric eels (D:9)
  4 crimson imps
  2 bullfrog zombies (D:7)
  2 quasits
  3 centaur skeletons
  A jelly (D:10)
  7 hounds
  Crazy Yiuf (D:6)
  3 bullfrog skeletons
  An orc priest (D:10)
  5 orc wizards
  5 iguanas
  Natasha (twice) (D:3)
  3 worker ants
  Terence (D:3)
  2 worker ant zombies
  A howler monkey skeleton (D:4)
  10 adders
  2 shadow imps
  An ooze (D:1)
  An adder zombie (D:9)
  An adder skeleton (D:9)
  2 worms (D:3)
  3 dart slugs
  3 leopard geckos
  14 orcs
  3 ball pythons
  3 bats
  2 giant cockroaches
  8 goblins
  8 hobgoblins
  15 jackals
  10 kobolds
  2 quokkas
  7 frilled lizards
  A leopard gecko skeleton (D:6)
  A leopard gecko zombie (D:6)
  A quokka zombie (D:7)
  6 rats
218 creatures vanquished.

Notes
Turn   | Place    | Note
-------+----------+-------------------------------------------
     0 | D:1      | b5mith the Gargoyle Fighter began the quest for the Orb.
     0 | D:1      | Reached XP level 1. HP: 14/14 MP: 1/1
    51 | D:1      | Reached XP level 2. HP: 19/19 MP: 2/2
   225 | D:1      | Reached XP level 3. HP: 22/24 MP: 3/3
   972 | D:2      | Reached XP level 4. HP: 27/30 MP: 4/4
  1009 | D:2      | Reached skill level 5 in Fighting
  1018 | D:2      | Found a shadowy altar of Dithmenos.
  1672 | D:3      | Reached XP level 5. HP: 29/36 MP: 5/5
  1772 | D:3      | Noticed Natasha
  1797 | D:3      | Killed Natasha
  1919 | D:3      | Noticed Terence
  1930 | D:3      | Killed Terence
  2071 | D:3      | Noticed Natasha
  2084 | D:3      | Killed Natasha
  2201 | D:3      | Reached XP level 6. HP: 29/42 MP: 6/6
  2484 | D:4      | Reached skill level 1 in Maces & Flails
  2534 | D:4      | Reached skill level 2 in Maces & Flails
  2943 | D:5      | Entered Level 5 of the Dungeon
  3002 | D:5      | Got a faintly humming chain mail
  3013 | D:5      | Identified the cursed +0 chain mail of the Sun {Int-5 Dex+4} (You found it on level 5 of the Dungeon)
  3083 | D:5      | Reached XP level 7. HP: 48/48 MP: 7/7
  3248 | D:5      | Found an ancient bone altar of Kikubaaqudgha.
  3297 | D:5      | Reached skill level 3 in Maces & Flails
  3440 | D:5      | Found a sacrificial altar of Ru.
  3473 | D:5      | Reached skill level 4 in Maces & Flails
  3887 | D:6      | Noticed Menkaure
  3898 | D:6      | Killed Menkaure
  3901 | D:6      | Reached skill level 5 in Maces & Flails
  3950 | D:6      | Reached XP level 8. HP: 48/54 MP: 8/8
  4086 | D:6      | Found an iron altar of Okawaru.
  4281 | D:6      | Found a shattered altar of Ashenzari.
  4303 | D:6      | Reached skill level 6 in Maces & Flails
  4550 | D:6      | Noticed Grinder
  4569 | D:6      | Killed Grinder
  4569 | D:6      | Reached skill level 7 in Maces & Flails
  4695 | D:6      | Found a staircase to the Ecumenical Temple.
  4719 | Temple   | Entered the Ecumenical Temple
  4779 | Temple   | Became a worshipper of Trog the Wrathful
  4913 | D:6      | Found a runed door.
  5132 | D:6      | Noticed Crazy Yiuf
  5137 | D:6      | Killed Crazy Yiuf
  5473 | D:7      | Noticed a hippogriff
  5482 | D:7      | Reached skill level 8 in Maces & Flails
  5498 | D:7      | Killed a hippogriff
  5498 | D:7      | Reached XP level 9. HP: 45/59 MP: 9/9
  5641 | D:7      | Reached skill level 9 in Maces & Flails
  5685 | D:7      | Noticed Duvessa
  5685 | D:7      | Noticed Dowan
  5697 | D:7      | Killed Duvessa
  5710 | D:7      | Killed Dowan
  5835 | D:7      | You fall through a shaft!
  5835 | D:8      | Noticed NervFog's ghost (novice TeAE)
  5847 | D:8      | Killed NervFog's ghost
  5847 | D:8      | Reached skill level 10 in Maces & Flails
  6047 | D:8      | Reached skill level 11 in Maces & Flails
  6225 | D:8      | Noticed Grum
  6250 | D:8      | Reached * piety under Trog
  6258 | D:8      | Killed Grum
  6262 | D:8      | Reached XP level 10. HP: 52/64 MP: 10/10
  6332 | D:8      | Found Xaty's General Store.
  6336 | D:8      | Bought a scroll of blinking for 97 gold pieces
  6415 | D:8      | Found Peutwusch's Jewellery Emporium.
  6562 | D:8      | Reached skill level 12 in Maces & Flails
  7528 | D:9      | Found an iron altar of Okawaru.
  7963 | D:9      | Reached ** piety under Trog
  8004 | D:9      | Noticed Erica
  8038 | D:9      | Reached skill level 13 in Maces & Flails
  8073 | D:9      | Killed Erica
  8073 | D:9      | Reached XP level 11. HP: 45/72 MP: 11/11
  8086 | D:9      | Reached skill level 10 in Fighting
  8230 | D:9      | Found a staircase to the Lair.
  8359 | D:9      | Found a staircase to the Orcish Mines.
  8999 | D:10     | Entered Level 10 of the Dungeon
  9113 | D:10     | Found a shattered altar of Ashenzari.
  9262 | D:10     | Got a jewelled halberd
  9401 | D:10     | Reached skill level 14 in Maces & Flails
  9450 | D:10     | Reached *** piety under Trog
  9595 | D:10     | Noticed a two-headed ogre
  9605 | D:10     | Killed a two-headed ogre
  9789 | D:10     | Got an encrusted leather armour
  9821 | D:10     | Noticed Fannar
  9869 | D:10     | Killed Fannar
 10123 | D:10     | Identified the +4 leather armour of Ru's Anger {Dex+2} (You found it on level 10 of the Dungeon)
 10246 | D:11     | Noticed Harold
 10254 | D:11     | Killed from afar by Harold

Vault maps used:
D:1:      mrwooster_arrival_statue_2, serial_forest, infiniplex_forest_zigzag_1,
          infiniplex_forest_straight_3, infiniplex_forest_straight_2,
          infiniplex_forest_lined_corner, infiniplex_forest_end_1,
          infiniplex_forest_end_1, infiniplex_forest_clump_curved,
          infiniplex_forest_corner_2
D:2:      lemuel_doored_altar, minmay_misc_feat_four_crosses
D:3:      minmay_distorted, uniq_natasha, uniq_terence
D:4:      first_ration
D:5:      nicolae_ru_awakened_eye, nicolae_overflow_crystal_walls
D:6:      evilmike_ruin_ashenzari, minmay_temple_entry_mist, basic_altar,
          uniq_crazy_yiuf_cottage, uniq_menkaure, uniq_grinder
D:7:      uniq_duvessa
D:8:      serial_shops, nicolae_shop_stone, shop, uniq_grum
D:9:      okawaru_ov_weapons_minmay, dpeg_oklobed_lair, grunt_pizzeria,
          uniq_erica
D:10:     basic_altar, hangedman_decor_clover_reticule, uniq_fannar
D:11:     serial_shops, shop, uniq_harold
Temple:   bh_familiar_temple

Skill      XL: |  1  2  3  4  5  6  7  8  9 10 11 |
---------------+----------------------------------+-----
Short Blades   | 2 |  2.4
Fighting       | 4 5 6 7 8 9 11 | 11.7
Maces & Flails | 2 5 8 11 13 14 | 14.0
Armour         | |  3.2
Shields        | |  3.2

Action                   |  1- 3 |  4- 6 |  7- 9 | 10-12 || total
-------------------------+-------+-------+-------+-------++-------
Melee: Rapier            |   152 |   154 |       |       ||   306
       Flail             |       |    91 |   360 |   535 ||   986
Invok: Berserk           |       |       |       |     2 ||     2
  Use: Scroll            |       |       |     8 |     4 ||    12
       Potion            |       |       |       |     4 ||     4
  Eat: Chunk             |     1 |     6 |    16 |    12 ||    35
       Ration            |       |       |       |     2 ||     2
Armor: Scale mail        |    81 |   115 |       |       ||   196
       Chain mail        |       |     2 |   268 |   276 ||   546
       Leather armour    |       |       |       |     2 ||     2
Dodge: Dodged            |    40 |    81 |    78 |    82 ||   281
Block: Shield            |    73 |   113 |   163 |   191 ||   540

Table legend:
 A = Spawn XP
 B = Non-spawn XP
 C = Spawn XP percentage of total XP
 D = Spawn monster count
 E = Non-spawn monster count
 F = Spawn count percentage of total count
 G = Total turns spent on level
                    A         B        C        D         E        F      G
               +---------+---------+-------+---------+---------+-------+---------
         Total |       0 |   15043 |   0.0 |       0 |     218 |   0.0 | 10254
               +---------+---------+-------+---------+---------+-------+---------
           D:1 |       0 |      67 |   0.0 |       0 |      32 |   0.0 |   859
           D:2 |       0 |      41 |   0.0 |       0 |      12 |   0.0 |   515
           D:3 |       0 |     238 |   0.0 |       0 |      24 |   0.0 |  1017
           D:4 |       0 |     266 |   0.0 |       0 |       9 |   0.0 |   552
           D:5 |       0 |     375 |   0.0 |       0 |      11 |   0.0 |   933
           D:6 |       0 |    1107 |   0.0 |       0 |      21 |   0.0 |  1134
           D:7 |       0 |     911 |   0.0 |       0 |      12 |   0.0 |   665
           D:8 |       0 |    3171 |   0.0 |       0 |      39 |   0.0 |  1686
           D:9 |       0 |    4008 |   0.0 |       0 |      27 |   0.0 |  1478
          D:10 |       0 |    4816 |   0.0 |       0 |      30 |   0.0 |  1238
          D:11 |       0 |      43 |   0.0 |       0 |       1 |   0.0 |    17
               +---------+---------+-------+---------+---------+-------+---------
